 Dungeon Crawl Stone Soup version 0.25.0-9-g26727b657a (webtiles) character file.

Game seed: 15379460891020314651

627 Froggeryz the Cudgeler (level 7, -1/44 HPs)
             Began as a Gargoyle Berserker on June 16, 2020.
             Was a Priest of Trog.
             Slain by an ogre
             ... wielding a +0 giant spiked club
              (12 damage)
             ... on level 5 of the Dungeon on June 17, 2020.
             The game lasted 00:04:38 (3213 turns).

Froggeryz the Cudgeler (Gargoyle Berserker)         Turns: 3213, Time: 00:04:39

Health: -1/44      AC: 13    Str: 22    XL:     7   Next: 47%
Magic:  7/7        EV: 10    Int:  8    God:    Trog [***...]
Gold:   136        SH:  0    Dex: 11    Spells: 6/6 levels left

rFire    . . .     SeeInvis .   a - +0 mace
rCold    . . .     Gourm    .   (no shield)
rNeg     + . .     Faith    .   b - +0 scale mail
rPois    ∞         Spirit   .   (no helmet)
rElec    +         Reflect  .   e - +0 cloak
rCorr    .         Harm     .   (no gloves)
MR       .....                  (no boots)
Stlth    ..........             (no amulet)
HPRegen  0.14/turn              (no ring)
MPRegen  0.10/turn              (no ring)

@: no status effects
A: hooves 1, thin skeletal structure 1, negative energy resistance 1,
electricity resistance, unbreathing, petrification resistance, rot immunity, AC
+4
a: Berserk, Trog's Hand, Renounce Religion


You were on level 5 of the Dungeon.
You worshipped Trog.
Trog was most pleased with you.
You were not hungry.

You visited 1 branch of the dungeon, and saw 5 of its levels.

You collected 136 gold pieces.

Inventory:

Hand Weapons
 a - a +0 mace (weapon)
 i - a +1 whip of draining
Armour
 b - a +0 scale mail (worn)
 e - a +0 cloak (worn)
Scrolls
 d - 2 scrolls of teleportation {unknown}
 g - a scroll of amnesia {unknown}
 j - 2 scrolls of remove curse {unknown}
 k - 3 scrolls of identify {unknown}
 p - 4 scrolls of immolation {unknown}
 r - a scroll of fear {unknown}
Potions
 f - 3 potions of heal wounds
 h - a potion of stabbing
 l - a potion of haste {unknown}
 m - a potion of curing {unknown}
 n - a potion of ambrosia {unknown}
 o - a potion of brilliance {unknown}
Comestibles
 c - 9 rations
 q - 10 chunks of flesh


   Skills:
 + Level 4.6 Fighting
 * Level 7.1 Maces & Flails
 - Level 4.2 Armour
 - Level 1.5 Dodging


You had 6 spell levels left.
You didn't know any spells.
Your spell library was empty.

Dungeon Overview and Level Annotations

Branches:
Dungeon (5/15)
 Temple: D:4-7

Altars:
Kikubaaqudgha
Makhleb
Sif Muna
Vehumet
Xom


Innate Abilities, Weirdness & Mutations

You are resistant to torment.
Your stone body is resilient. (AC +4)
You are immune to poison.
You resist negative energy. (rN+)
You are resistant to electric shocks. (rElec)
You can survive without breathing.
You are immune to petrification.
You are immune to rotting.
You have large cloven feet.
You have a somewhat thin skeletal structure. (Dex +2, Stealth)


Message History

The ogre is moderately wounded.
The ogre closely misses you.
You sock the ogre! You kick the ogre.
The ogre is severely wounded.
The ogre hits you but does no damage.
You hit the ogre but do no damage.
The ogre is severely wounded.
You closely miss the ogre. Your kick misses the ogre.
The ogre is severely wounded.
The ogre hits you with a +0 giant spiked club!!
* * * LOW HITPOINT WARNING * * *
You hit the ogre but do no damage. You kick the ogre, but do no damage.
The ogre is severely wounded.
The ogre barely misses you.
You hit the ogre. Your kick misses the ogre.
The ogre is severely wounded.
You closely miss the ogre. You kick the ogre, but do no damage.
The ogre is severely wounded.
The ogre hits you with a +0 giant spiked club!
You die...

##.## #..# .
##.## .. #..#
... ##.## ....
######..#
.....##......##
#....)..###
##.O@....#
............#
###.........#
###......##
........#
..........
...........#
####.......#


You could see an ogre.

Vanquished Creatures
  A phantom (D:5)
  A bullfrog (D:5)
  A scorpion (D:5)
  An orc priest (D:5)
  An orc wizard (D:5)
  2 bullfrog skeletons (D:5)
  2 iguanas (D:5)
  3 worker ants
  10 adders
  2 worms
  A dart slug (D:1)
  7 leopard geckos
  9 orcs
  8 bats
  A giant cockroach (D:1)
  6 goblins
  4 hobgoblins
  4 jackals
  8 kobolds
  3 quokkas
  A ball python skeleton (D:5)
  4 frilled lizards
  13 rats
93 creatures vanquished.

Notes
Turn   | Place    | Note
-------+----------+-------------------------------------------
     0 | D:1      | Froggeryz the Gargoyle Berserker began the quest for the
                  | Orb.
     0 | D:1      | Reached XP level 1. HP: 14/14 MP: 1/1
   200 | D:1      | Reached XP level 2. HP: 16/19 MP: 2/2
   427 | D:1      | Found a shimmering altar of Xom.
   662 | D:2      | Reached ** piety under Trog
   679 | D:2      | Reached XP level 3. HP: 23/23 MP: 3/3
   766 | D:2      | Upgraded the game from 0.25.0-8-gfd19cd77bd to
                  | 0.25.0-9-g26727b657a
   767 | D:2      | Reached skill level 4 in Maces & Flails
  1169 | D:2      | You fall into a shaft and drop 1 floor!
  1221 | D:3      | Reached XP level 4. HP: 22/28 MP: 4/4
  1683 | D:3      | Reached skill level 5 in Maces & Flails
  1683 | D:3      | Reached XP level 5. HP: 25/32 MP: 5/5
  1726 | D:3      | Reached *** piety under Trog
  1932 | D:3      | Found a burning altar of Makhleb.
  2361 | D:4      | Found a radiant altar of Vehumet.
  2363 | D:4      | Identified Vehumet's Incunabulum of Combat Magic
  2365 | D:4      | Found an ancient bone altar of Kikubaaqudgha.
  2366 | D:4      | Found a shimmering blue altar of Sif Muna.
  2442 | D:4      | Reached XP level 6. HP: 31/37 MP: 6/6
  2863 | D:5      | Entered Level 5 of the Dungeon
  2863 | D:5      | Noticed a phantom
  2946 | D:5      | Reached skill level 6 in Maces & Flails
  3014 | D:5      | Reached XP level 7. HP: 25/43 MP: 7/7
  3068 | D:5      | Gained mutation: You have large cloven feet. [potion of
                  | mutation]
  3068 | D:5      | Gained mutation: You have a somewhat thin skeletal
                  | structure. (Dex +2, Stealth) [potion of mutation]
  3110 | D:5      | Reached skill level 7 in Maces & Flails
  3213 | D:5      | Slain by an ogre

Illustrated notes

Levels and vault maps discovered:
D:1:      ncdulo_halloftheorcs, layout_basic, xom_teletrap_fun
D:2:      layout_basic
D:3:      minmay_bubble_buster, layout_basic, lemuel_doored_altar, first_ration
D:4:      layout_gridville, grunt_temple_overflow_magic_moments,
          kennysheep_generic_room_16
D:5:      layout_rooms, grunt_temple_overflow_holy_war, gup_sewer_entry_bowl,
          basic_altar, nzn_random_ring, uniq_grinder

Skill      XL: |  1  2  3  4  5  6  7 |
---------------+----------------------+-----
Maces & Flails | 4 5 6 7 |  7.1
Armour         | 3 4 |  4.2
Fighting       | 4 |  4.6
Dodging        | |  1.5

Action                   |  1- 3 |  4- 6 |  7- 9 || total
-------------------------+-------+-------+-------++-------
Melee: Mace              |   156 |   189 |    46 ||   391
       Whip              |    10 |       |       ||    10
       Kick              |       |       |     8 ||     8
Invok: Berserk           |       |     1 |     1 ||     2
  Use: Potion            |       |     1 |     2 ||     3
  Eat: Chunk             |     1 |     7 |     2 ||    10
Armor: Animal skin       |    12 |       |       ||    12
       Scale mail        |    87 |   152 |    17 ||   256
       Ring mail         |     1 |       |       ||     1
Dodge: Dodged            |   111 |   124 |    20 ||   255
